 Dungeon Crawl Stone Soup version 0.29.1-1-gd02db6906a (webtiles) character file.

Game seed: 9034937404647954755

56 MisterFreud the Covert (level 3, -4/35 HPs)
             Began as a Gnoll Delver on Oct 7, 2022.
             Shot with an arrow by a centaur (14 damage)
             ... on level 5 of the Dungeon.
             The game lasted 00:00:20 (37 turns).

MisterFreud the Covert (Gnoll Delver)                 Turns: 37, Time: 00:00:21

Health: -4/35      AC:  3    Str: 11    XL:     3   Next: 95%
Magic:  2/4        EV: 13    Int: 11    God:
Gold:   0          SH:  0    Dex: 13    Spells: 4/4 levels left

rFire   . . .      SeeInvis .   a - +0 short sword
rCold   . . .      Faith    .   (no shield)
rNeg    . . .      Spirit   .   b - +0 leather armour
rPois   .          Reflect  .   (no helmet)
rElec   .          Harm     .   (no cloak)
rCorr   .          Rampage  .   (no gloves)
Will    .....                   (no boots)
Stlth   ++++......              (no amulet)
HPRegen 0.11/turn               (no ring)
MPRegen 0.09/turn               (no ring)

@: no status effects
A: fangs 1, strong nose, distributed training
a: no special abilities


You were on level 5 of the Dungeon.
You visited 1 branch of the dungeon, and saw 1 of its levels.

Inventory:

Hand Weapons
 a - a +0 short sword (weapon)
Armour
 b - a +0 leather armour (worn)
Wands
 g - a wand of digging (3)
Scrolls
 c - a scroll of fog
Potions
 f - a potion of haste


   Skills:
 + Level 6.5 Fighting
 + Level 4.6 Short Blades
 + Level 1.0 Long Blades
 + Level 1.0 Axes
 + Level 1.0 Maces & Flails
 + Level 1.0 Polearms
 + Level 1.0 Staves
 + Level 1.0 Ranged Weapons
 + Level 1.0 Throwing
 + Level 1.0 Armour
 + Level 4.6 Dodging
 + Level 9.6 Stealth
 + Level 1.0 Shields
 + Level 1.0 Unarmed Combat
 + Level 1.0 Spellcasting
 + Level 0.7 Conjurations
 + Level 0.7 Hexes
 + Level 0.7 Summonings
 + Level 0.7 Necromancy
 + Level 0.7 Translocations
 + Level 0.7 Transmutations
 + Level 0.7 Fire Magic
 + Level 0.7 Ice Magic
 + Level 0.7 Air Magic
 + Level 0.7 Earth Magic
 + Level 0.7 Poison Magic
 + Level 1.1 Invocations
 + Level 1.0 Evocations


You had 4 spell levels left.
You didn't know any spells.
Your spell library was empty.

Dungeon Overview and Level Annotations

Branches:
Dungeon (5/15)
 Temple: D:4-7

Altars:


Innate Abilities, Weirdness & Mutations

You have very sharp teeth.
Your uncanny sense of smell can sniff out nearby items.
Your experience applies equally to all skills.


Message History

The hound is lightly wounded.
The hound misses you. The hound bites you.
You closely miss the hound. You bite the hound, but do no damage.
The hound is lightly wounded.
The hound barely misses you.
An iguana comes into view.
You closely miss the hound.
The hound is lightly wounded.
The hound bites you.
You hit the hound.
The hound is moderately wounded.
The hound bites you but does no damage. The hound barely misses you.
The iguana hisses angrily.
You hit the hound.
The hound is moderately wounded.
The hound barely misses you.
You hit the hound.
The hound is heavily wounded.
The hound barely misses you.
You hit the hound but do no damage.
The hound is heavily wounded.
The hound bites you. x2
You completely miss the hound.
The hound is heavily wounded.
The hound bites you.
You hit the hound.
The hound is severely wounded.
The hound misses you.
You hit the hound.
The hound is severely wounded.
The hound closely misses you. The iguana bites you! The hound bites you.
* * * LOW HITPOINT WARNING * * *
As you read the scroll of fear, it crumbles to dust.
You assume a fearsome visage.
The hound looks frightened!
The iguana looks frightened!
Found an encrusted gold wand.
A centaur comes into view.
Found 13 gold pieces and a dagger.
The centaur wields a +0 shortbow.
The centaur shoots an arrow.
The arrow hits you!
You die...

,,,,,*,,,*,*,,,,,,,,,,,,,,,,,,,*
,,,,,*,,,#.***,#...,,,,,,,,,,,,*
,,,,,*,,,)..,,,#..,,#...,,,,,,,*
,*,,**,,*#..c,,#..,/....,*******
,,,,,,,,,....#,#.......,.##**
*********##....#.#....##....*
,,,,,,,,,......#.##.#.......#
**,,,,,,,........#..........#
,,,,,,,******#..@...........#
,,,,,,,****###.............#*
,,,,,,,*,,.................#
,,,,,,,*,.....##.?.........#
,,,***,*,.....##.......######
,,,***,*,...$,#.............#****
,,,,,,,,,...................#,,,,
,,,,,,,*,............##.....#,***
,,,,,,,*,,,..........##...###.***


You could see a centaur.

Vanquished Creatures
  A scorpion (D:5)
1 creature vanquished.

Notes
Turn   | Place    | Note
-------+----------+-------------------------------------------
     0 | D:5      | Reached skill level 9 in Stealth
     0 | D:5      | MisterFreud the Gnoll Delver began the quest for the Orb.
     0 | D:5      | Reached XP level 1. HP: 23/23 MP: 1/1
    12 | D:5      | Noticed a hound
    12 | D:5      | Noticed a scorpion
    17 | D:5      | Killed a scorpion
    18 | D:5      | Reached skill level 1 in Long Blades
    18 | D:5      | Reached skill level 1 in Axes
    18 | D:5      | Reached skill level 1 in Maces & Flails
    18 | D:5      | Reached skill level 1 in Polearms
    18 | D:5      | Reached skill level 1 in Staves
    18 | D:5      | Reached skill level 1 in Ranged Weapons
    18 | D:5      | Reached skill level 1 in Throwing
    18 | D:5      | Reached skill level 1 in Armour
    18 | D:5      | Reached skill level 1 in Shields
    18 | D:5      | Reached skill level 1 in Unarmed Combat
    18 | D:5      | Reached skill level 1 in Spellcasting
    18 | D:5      | Reached skill level 1 in Invocations
    18 | D:5      | Reached skill level 1 in Evocations
    18 | D:5      | Reached XP level 2. HP: 29/29 MP: 1/3
    18 | D:5      | Reached XP level 3. HP: 35/35 MP: 1/4
    36 | D:5      | Noticed a centaur
    37 | D:5      | Shot with an arrow by a centaur

Illustrated notes

Levels and vault maps discovered:
D:5:      layout_basic, zin_statuary, nicolae_ossuary_entry_giza

Skill      XL: |  1 |
---------------+----+-----
Stealth        | |  9.6
Long Blades    | 1 |  1.0
Axes           | 1 |  1.0
Maces & Flails | 1 |  1.0
Polearms       | 1 |  1.0
Staves         | 1 |  1.0
Ranged Weapons | 1 |  1.0
Throwing       | 1 |  1.0
Armour         | 1 |  1.0
Shields        | 1 |  1.0
Unarmed Combat | 1 |  1.0
Spellcasting   | 1 |  1.0
Invocations    | 1 |  1.1
Evocations     | 1 |  1.0
Fighting       | |  6.5
Short Blades   | |  4.6
Dodging        | |  4.6
Conjurations   | |  0.7
Hexes          | |  0.7
Summonings     | |  0.7
Necromancy     | |  0.7
Translocations | |  0.7
Transmutations | |  0.7
Fire Magic     | |  0.7
Ice Magic      | |  0.7
Air Magic      | |  0.7
Earth Magic    | |  0.7
Poison Magic   | |  0.7

Action                   || total
-------------------------++-------
Melee: Short sword       ||    13
       Bite              ||     1
  Use: Scroll            ||     2
 Stab: Sleeping          ||     1
Armor: Leather armour    ||     1
Dodge: Dodged            ||     9
